 Dungeon Crawl Stone Soup version 0.24-a0-446-g87df7205b4 (webtiles) character file.

Game seed: 11271976499114345

39 Peloso the Skirmisher (level 3, -2/33 HPs)
             Began as a Minotaur Fighter on June 23, 2019.
             Slain by a sky beast (6 damage)
             ... on level 2 of the Dungeon.
             The game lasted 00:02:39 (1139 turns).

Peloso the Skirmisher (Minotaur Fighter)            Turns: 1139, Time: 00:02:44

Health: -2/33      AC:  7    Str: 25    XL:     3   Next: 28%
Magic:  2/2        EV:  7    Int:  5    God:
Gold:   64         SH: 10    Dex: 10    Spells: 2/2 levels left

rFire    . . .     SeeInvis .   a - +0 long sword
rCold    . . .     Gourm    .   c - +0 shield
rNeg     . . .     Faith    .   b - +0 scale mail
rPois    .         Spirit   .   (helmet restricted)
rElec    .         Reflect  .   (no cloak)
rCorr    .         Harm     .   (no gloves)
MR       .....                  (no boots)
Stlth    ..........             (no amulet)
HPRegen  0.11/turn              (no ring)
MPRegen  0.08/turn              (no ring)

@: mighty
A: retaliatory headbutt, horns 2
a: no special abilities


You were on level 2 of the Dungeon.
You were hungry.

You visited 1 branch of the dungeon, and saw 2 of its levels.

You collected 64 gold pieces.

Inventory:

Hand Weapons
 a - a +0 long sword (weapon)
Armour
 b - a +0 scale mail (worn)
 c - a +0 shield (worn)
Scrolls
 g - a scroll of immolation {unknown}
 h - a scroll of enchant weapon {unknown}
 j - a scroll of blinking {unknown}
 k - a scroll of identify {unknown}
 m - a scroll of teleportation {unknown}
Potions
 e - 2 potions of brilliance {unknown}
 i - a potion of curing {unknown}
 l - a potion of lignification {unknown}
Comestibles
 f - 4 rations


   Skills:
 + Level 4.2 Fighting
 + Level 3.3 Long Blades
 + Level 3.9 Armour
 + Level 4.0 Shields


You had 2 spell levels left.
You didn't know any spells.
Your spell library was empty.

Dungeon Overview and Level Annotations

Branches:
Dungeon (2/15)

Altars:


Innate Abilities, Weirdness & Mutations

You reflexively headbutt those who attack you in melee.
You have a pair of horns on your head.


Message History

You closely miss the sky beast.
The sky beast is heavily wounded.
You block the sky beast's attack.
You barely miss the sky beast. Your headbutt misses the sky beast.
The sky beast is heavily wounded.
You block the sky beast's attack. x2
You slash the sky beast!
The sky beast is severely wounded.
You block the sky beast's attack.
You miss the sky beast.
The sky beast is severely wounded.
You block the sky beast's attack.
Your shield and scale mail prevent you from hitting the sky beast.
Your headbutt misses the sky beast.
The sky beast is severely wounded.
The sky beast hits you but does no damage.
The sky beast hits you.
* * * LOW HITPOINT WARNING * * *
The sky beast shocks you.
You die...

..##.# #. ..#.##### #.
#.#.#...# ##. ...#.#.#
#.. # # #..#.#.# ###..
####.#. #..#.#.# #....
......##.>#.#.### ##...
.......Y#.......# #...
#.###.##@#.#.#.#.#####.##
#............#.#.......#
..#......###)#.#########
#.###### ..#.. # #####


You could see a sky beast.

Vanquished Creatures
  An adder (D:2)
  A worm (D:2)
  3 giant cockroaches
  3 hobgoblins (D:1)
  2 jackals (D:1)
  4 kobolds
  2 quokkas (D:2)
  6 bats
  4 frilled lizards
  A rat (D:1)
27 creatures vanquished.

Notes
Turn   | Place    | Note
-------+----------+-------------------------------------------
     0 | D:1      | Peloso the Minotaur Fighter began the quest for the Orb.
     0 | D:1      | Reached XP level 1. HP: 19/19 MP: 0/0
   272 | D:1      | Reached XP level 2. HP: 27/27 MP: 1/1
   986 | D:2      | Reached XP level 3. HP: 28/33 MP: 2/2
  1111 | D:2      | Noticed a sky beast
  1139 | D:2      | Slain by a sky beast

Levels and vault maps discovered:
D:1:      sevenhm_arrival_forest_fort_small_3, layout_basic, grunt_decor_cap
D:2:      layout_basic, minmay_circle_x

Skill      XL: |  1  2 |
---------------+-------+-----
Fighting       | 4 |  4.2
Shields        | 4 |  4.0
Long Blades    | 3 |  3.3
Armour         | |  3.9

Action                   || total
-------------------------++-------
Melee: Long sword        ||    93
       Headbutt          ||     8
  Use: Potion            ||     1
Armor: Scale mail        ||    46
Dodge: Dodged            ||    23
Block: Shield            ||    50
       Rpst.: Long sword ||     4

Table legend:
 A = Non-vault XP
 B = Vault XP
 C = Vault XP percentage of total XP
 D = Non-vault monster count
 E = Vault monster count
 F = Vault count percentage of total count
                 A         B        C        D         E       F
            +---------+---------+-------+---------+---------+-------
      Total |      41 |      16 |  28.1 |      24 |       3 |  11.1
            +---------+---------+-------+---------+---------+-------
        D:1 |      22 |       0 |   0.0 |      14 |       0 |   0.0
        D:2 |      19 |      16 |  45.7 |      10 |       3 |  23.1
            +---------+---------+-------+---------+---------+-------
